Map: Zen LE

Players

DPGPartinG (PartinG) - Winner!

  • Race: Protoss Protoss
  • League: Grandmaster
  • Spawn Location: 1:00

Astrea

  • Race: Protoss Protoss
  • League: Grandmaster
  • Spawn Location: 7:00

VOD

Have the link to the VOD?

Description

Time

  • Played on: Jan. 7, 2020, 6:49 p.m.
  • Length: 11:52
Show
View Real Time Build Order
Export as new Build Order

DPGPartinG Protoss - Winner!

Build Orders: Oracle Opening 

Get SALT Encoding   

  12  0:00  Probe  
  13  0:12  Probe  
  14  0:19  Pylon  
  14  0:25  Probe  
  15  0:37  Probe (Chrono Boost)  
  15  0:38  Gateway  
  16  0:47  Probe (Chrono Boost), Assimilator  
  17  0:52  Probe (Chrono Boost)  
  17  0:55  Assimilator  
  18  1:04  Probe (Chrono Boost)  
  19  1:09  Gateway  
  19  1:13  Probe (Chrono Boost)  
  20  1:19  Probe  
  21  1:26  Cybernetics Core  
  21  1:31  Probe  
  22  1:43  Probe  
  22  1:44  Pylon  
  23  2:02  Probe, Adept  
  23  2:03  Warp Gate, Adept  
  28  2:11  Pylon  
  28  2:14  Probe  
  29  2:25  Pylon  
  29  2:32  Stargate  
  28  2:41  Adept x2  
  32  3:12  Oracle (Chrono Boost)  
  32  3:17  Nexus  
  35  3:21  Probe  
  36  3:29  Pylon  
  37  3:39  Oracle (Chrono Boost)  
  39  3:47  Probe  
  40  3:55  Robotics Facility  
  40  3:59  Probe  
  41  4:12  Probe  
  40  4:24  Probe, Sentry x2  
  43  4:27  Shield Battery  
  43  4:30  Pylon  
  45  4:31  Probe (Chrono Boost)  
  45  4:41  Probe (Chrono Boost)  
  45  4:43  Probe (Chrono Boost), Immortal (Chrono Boost)  
  44  4:48  Probe (Chrono Boost)  
  44  4:49  Probe (Chrono Boost)  
  50  4:58  Probe  
  48  5:00  Probe, Stalker  
  48  5:03  Stalker  
  53  5:10  Probe  
  53  5:12  Probe, Pylon  
  55  5:15  Observer  
  55  5:16  Phoenix  
  55  5:17  Gateway  
  55  5:20  Pylon  
  56  5:23  Probe  
  56  5:24  Probe  
  56  5:26  Assimilator  
  58  5:30  Assimilator  
  58  5:36  Immortal (Chrono Boost)  
  58  5:40  Probe  
  63  5:43  Probe  
  64  5:50  Twilight Council  
  64  5:52  Forge  
  64  5:56  Probe x2  
  66  6:05  Stalker x2  
  66  6:09  Warp Prism (Chrono Boost)  
  70  6:17  Stalker  
  74  6:21  Probe x2  
  74  6:22  Blink (Chrono Boost)  
  74  6:25  Pylon  
  76  6:31  Protoss Ground Weapons Level 1  
  76  6:36  Pylon  
  76  6:45  Stalker x2  
  80  6:47  Stalker  
  82  7:11  Observer  
  80  7:16  Stalker x3  
  82  7:26  Warp Prism  
  82  7:27  Probe x2  
  80  7:30  Nexus  
  80  7:40  Stalker x3  
  78  7:55  Charge (Chrono Boost)  
  78  7:57  Dark Shrine  
  72  7:59  Gateway  
  72  8:01  Gateway  
  72  8:03  Gateway  
  67  8:10  Probe x2  
  69  8:17  Sentry x2  
  73  8:20  Zealot  
  73  8:22  Probe x2  
  77  8:27  Gateway  
  77  8:28  Gateway  
  77  8:39  Probe x2  
  79  8:44  Pylon  
  79  8:45  Shield Battery x2  
  79  8:52  Probe, Protoss Ground Weapons Level 2 (Chrono Boost)  
  79  8:54  Assimilator  
  80  8:56  Assimilator  
  80  9:09  Dark Templar x5  
  90  9:13  Dark Templar  
  92  9:50  Zealot x8  
  106  9:55  Immortal  
  106  9:56  Templar Archives  
  108  10:05  Archon  
  108  10:13  Dark Templar x4, Observer  
  116  10:16  Probe  
  116  10:17  Pylon, Archon  
  116  10:18  Archon, Pylon  
  116  10:20  Pylon  
  117  10:24  Archon  
  117  10:37  Zealot x4  
  125  10:45  High Templar x4  
  133  10:51  Archon x2  
  133  10:55  Zealot x4  
  141  11:00  Pylon  
  141  11:02  Pylon  
  141  11:03  Pylon  
  125  11:12  Zealot x4  
  93  11:25  Zealot  
  93  11:26  Zealot x3  
  95  11:33  Dark Templar x2  
  95  11:36  Zealot x2  
Show
View Real Time Build Order
Export as new Build Order

Astrea Protoss 

Build Orders: Blink Stalkers 

Get SALT Encoding   

  12  0:00  Probe  
  13  0:12  Probe  
  14  0:17  Pylon  
  14  0:25  Probe (Chrono Boost)  
  16  0:37  Probe (Chrono Boost), Gateway  
  16  0:42  Probe (Chrono Boost)  
  16  0:45  Assimilator  
  17  0:51  Probe  
  17  0:54  Assimilator  
  18  1:03  Probe (Chrono Boost)  
  19  1:09  Gateway  
  19  1:13  Probe (Chrono Boost)  
  19  1:17  Probe (Chrono Boost)  
  20  1:24  Cybernetics Core  
  21  1:29  Probe  
  22  1:35  Pylon  
  22  1:41  Probe  
  23  1:54  Probe  
  23  2:00  Warp Gate (Chrono Boost)  
  24  2:02  Stalker  
  24  2:03  Sentry  
  24  2:06  Probe  
  29  2:14  Pylon  
  29  2:18  Probe  
  30  2:30  Probe  
  30  2:38  Stalker x2  
  30  2:42  Probe  
  35  2:54  Probe  
  36  3:06  Nexus  
  36  3:17  Probe, Pylon  
  37  3:27  Twilight Council  
  37  3:30  Probe  
  38  3:42  Probe  
  38  3:44  Stalker x2  
  41  3:54  Probe  
  42  3:58  Blink (Chrono Boost)  
  42  4:01  Pylon  
  42  4:06  Probe  
  42  4:08  Sentry  
  45  4:18  Probe  
  45  4:20  Probe  
  45  4:22  Stalker  
  46  4:30  Probe  
  47  4:32  Probe  
  48  4:42  Probe  
  48  4:44  Probe  
  47  4:54  Probe  
  47  4:56  Probe  
  48  5:06  Probe  
  49  5:08  Probe  
  50  5:15  Nexus  
  50  5:16  Pylon  
  50  5:19  Probe (Chrono Boost), Forge  
  50  5:20  Probe (Chrono Boost)  
  52  5:30  Probe (Chrono Boost)  
  52  5:32  Probe (Chrono Boost)  
  54  5:35  Probe (Chrono Boost)  
  54  5:36  Probe (Chrono Boost)  
  54  5:38  Charge  
  54  5:42  Stalker x2  
  60  5:45  Probe  
  60  5:47  Probe, Protoss Ground Weapons Level 1 (Chrono Boost)  
  62  5:55  Assimilator  
  62  5:57  Probe  
  62  5:59  Probe  
  62  6:02  Assimilator  
  64  6:09  Probe  
  65  6:11  Stalker x2  
  65  6:15  Probe  
  70  6:26  Probe  
  70  6:27  Probe x2  
  73  6:34  Gateway  
  73  6:38  Gateway  
  73  6:40  Phoenix  
  73  6:41  Shield Battery  
  73  6:42  Gateway  
  73  6:43  Gateway  
  73  6:44  Shield Battery  
  73  6:46  Sentry, Templar Archives  
  73  6:47  Sentry  
  77  6:50  Pylon  
  72  7:15  Stalker  
  72  7:16  Stalker  
  72  7:17  Probe  
  59  7:33  Zealot x2  
  63  7:39  Zealot x4  
  63  7:40  Probe x2  
  63  7:41  Probe  
  62  7:52  Probe  
  62  7:53  Probe, Stalker x2  
  62  7:54  Probe  
  62  7:55  Protoss Ground Weapons Level 2 (Chrono Boost)  
  66  8:05  Probe x2  
  66  8:06  Probe  
  66  8:07  Zealot x4  
  73  8:18  Probe (Chrono Boost)  
  76  8:21  Probe (Chrono Boost)  
  76  8:22  Probe (Chrono Boost)  
  76  8:23  High Templar x2, Robotics Facility  
  80  8:28  Probe (Chrono Boost), Archon  
  80  8:31  Probe x2 (Chrono Boost), High Templar  
  80  8:33  Pylon  
  80  8:34  Pylon  
  85  8:40  Gateway  
  85  8:42  Shield Battery  
  85  8:45  Gateway  
  85  8:49  Pylon  
  85  8:53  High Templar, Zealot x2  
  91  8:56  Archon  
  91  8:57  Pylon  
  91  8:58  Pylon  
  91  8:59  Probe x3  
  94  9:06  Assimilator  
  94  9:09  Assimilator  
  94  9:11  Probe x2  
  94  9:15  High Templar x2  
  94  9:16  Zealot x3  
  106  9:19  Archon  
  106  9:21  Photon Cannon  
  106  9:22  Observer (Chrono Boost)  
  107  9:28  Pylon  
  107  9:30  Zealot  
  109  9:34  Observer (Chrono Boost)  
  109  9:38  Stalker x2  
  103  9:53  Stalker x4  
  103  9:55  Probe  
  103  9:58  Probe  
  108  10:03  Zealot  
  103  10:08  Probe (Chrono Boost)  
  103  10:11  Probe x2 (Chrono Boost)  
  106  10:19  Probe (Chrono Boost)  
  106  10:20  Probe (Chrono Boost)  
  109  10:21  Probe (Chrono Boost)  
  109  10:24  Probe (Chrono Boost)  
  109  10:25  Probe (Chrono Boost)  
  109  10:27  Probe  
  111  10:32  High Templar x2  
  111  10:34  Probe  
  115  10:39  Archon  
  115  10:41  Shield Battery  
  115  10:43  Shield Battery x2  
  115  10:51  High Templar  
  115  10:52  High Templar, Zealot x3  
  125  10:57  Archon  
  125  10:59  Zealot  
  125  11:03  Pylon x2  
  126  11:10  Zealot x2  
  126  11:16  Zealot x2  
  109  11:19  Zealot  
  109  11:25  Zealot  
  95  11:30  Zealot  
  89  11:39  Zealot x2  
  86  11:46  High Templar x2  
  71  11:51  Archon  
Tags
 
Add a new tag
Caveats
  • Supply blocks, unpowered buildings, or Contaminate may cause inaccurate times.
  • Supply counts are checked every 10 seconds.